 Dungeon Crawl Stone Soup version 0.17.1-1-g73c8601 (webtiles) character file.

4270 curty the Destroyer (level 10, -2/75 HPs)
             Began as a Naga Fire Elementalist on Dec 26, 2015.
             Was a Believer of Vehumet.
             Slain by an ogre
             ... wielding a cursed -3 giant club
              (19 damage)
             ... on level 9 of the Dungeon.
             The game lasted 01:27:31 (7440 turns).

curty the Destroyer (Naga Fire Elementalist)        Turns: 7440, Time: 01:27:32

Health: -2/75      AC: 10    Str: 10    XL:     10   Next: 31%
Magic:  1/20       EV:  9    Int: 23    God:    Vehumet [**....]
Gold:   457        SH:  0    Dex: 12    Spells: 5 memorised, 10 levels left

rFire  . . .     SeeInvis +     k - +1 long sword (freeze)
rCold  . . .     Clarity  .     f - +0 leather armour
rNeg   . . .     SustAt   .     (no shield)
rPois  +         Gourm    .     u - +0 helmet
rElec  .         Spirit   .     e - +1 cloak
rCorr  .         Warding  .     d - +0 pair of gloves
rMut   +         Stasis   .     (no barding)
MR     +....                    Q - amulet of resist mutation
Stlth  ++++......               h - +4 ring of intelligence
                                P - ring of stealth

@: very slightly contaminated, invisible, very slow, somewhat resistant to
hostile enchantments, stealthy
A: see invisible, deformed body, poison resistance, slowness 2, slow metabolism
1, spit poison 2, AC +3
a: Spit Poison, Renounce Religion


You were on level 9 of the Dungeon.
You worshipped Vehumet.
Vehumet was pleased with you.
You were not hungry.

You visited 2 branches of the dungeon, and saw 10 of its levels.
You also visited: Sewer.

You collected 457 gold pieces.

Inventory:

Hand Weapons
 j - a +0 battleaxe
 k - a +1 long sword of freezing (weapon)
 Y - a +1 mace of protection
Missiles
 C - 9 tomahawks (quivered)
Armour
 a - a +0 robe
 d - a +0 pair of gloves (worn)
 e - a +1 cloak (worn)
 f - a +0 leather armour (worn)
 n - a +0 buckler
 u - a +0 helmet (worn)
 z - a cursed -2 ring mail
Jewellery
 g - a +1 ring of protection
 h - a +4 ring of intelligence (right hand)
 F - an uncursed ring of flight
 O - an uncursed amulet of stasis
 P - a ring of stealth (left hand)
 Q - an amulet of resist mutation (around neck)
Wands
 l - a wand of enslavement (10)
 v - a wand of enslavement (6)
 S - a wand of magic darts (44)
 V - a wand of flame (24)
Scrolls
 i - 2 scrolls of blinking
 m - 2 scrolls of recharging {unknown}
 p - a scroll of enchant armour
 q - 2 scrolls of noise {unknown}
 r - a scroll of magic mapping {unknown}
 s - 5 scrolls of identify
 x - 2 scrolls of fog {unknown}
 y - 4 scrolls of remove curse
 B - a scroll of amnesia {unknown}
 H - 6 scrolls of teleportation {unknown}
 L - a scroll of immolation {unknown}
 M - a scroll of enchant weapon {unknown}
 N - 3 scrolls of fear {unknown}
 U - 2 scrolls of torment {unknown}
Potions
 o - 3 potions of flight
 A - 2 potions of haste
 E - a potion of agility
 G - 2 potions of curing {unknown}
 I - a potion of ambrosia {unknown}
 J - a potion of berserk rage {unknown}
 K - a potion of might {unknown}
 Z - a potion of cancellation {unknown}
Books
 b - a book of Flames

   Spells                             Type                      Level
   a - Flame Tongue                   Conjuration/Fire             1
   b - Throw Flame                    Conjuration/Fire             2
   c - Conjure Flame                  Conjuration/Fire             3
   d - Inner Flame                    Hexes/Fire                   3
   e - Sticky Flame                   Conjuration/Fire             4
   f - Fireball                       Conjuration/Fire             5
 X - a book of Power

   Spells                             Type                      Level
   a - Fulminant Prism                Conjuration/Hexes            4
   b - Iskenderun's Mystic Blast      Conjuration                  4
   c - Venom Bolt                     Conjuration/Poison           5
   d - Bolt of Magma                  Conjuration/Fire/Earth       5
   e - Iron Shot                      Conjuration/Earth            6
   f - Orb of Destruction             Conjuration                  7
   g - Spellforged Servitor           Conjuration/Summoning        7
Comestibles
 c - 4 meat rations
 R - 3 bread rations


   Skills:
 + Level 4.6 Armour
 - Level 1.5 Dodging
 - Level 6.7 Stealth
 + Level 7.0 Spellcasting
 + Level 8.0 Conjurations
 + Level 7.7 Fire Magic


You had 10 spell levels left.
You knew the following spells:

 Your Spells              Type           Power        Failure   Level  Hunger
a - Flame Tongue          Conj/Fire      #####        1%          1    None
b - Throw Flame           Conj/Fire      #####.       1%          2    None
c - Sticky Flame          Conj/Fire      #####...     4%          4    ###....
d - Fireball              Conj/Fire      #####.....   12%         5    #####..
e - Shock                 Conj/Air       ####         1%          1    None


Dungeon Overview and Level Annotations

Branches:
Dungeon (9/15)             Temple (1/1) D:5
   Lair: D:8-11         Orc: D:9-12

Altars:
Ashenzari
Cheibriados
Dithmenos
Fedhas
Gozag
Kikubaaqudgha
Makhleb
Nemelex Xobeh
Okawaru
Qazlal
Ru
Sif Muna
Trog
Vehumet
Xom
Yredelemnul

Shops:
D:7 =   D:8 }

Annotations:
D:6 Pikel


Innate Abilities, Weirdness & Mutations

You cannot wear boots.
Your serpentine skin is tough (AC +3).
You have supernaturally acute eyesight.
Armour fits poorly on your strangely shaped body.
Your system is resistant to poisons.
You cover ground very slowly.
You have a slow metabolism.
You can spit poison.


Message History

Eat a chunk of flesh? (ye/n/q/i?) This raw flesh tastes terrible.
You continue eating. x2
You feel sick.
You have got your breath back.
Things that are here:
a steam dragon hide; 7 chunks of flesh; a steam dragon skeleton You see here a troll corpse.
Casting: Sticky Flame
Confirm with . or Enter, or press ? or * to list all spells.
Aiming: Sticky Flame
Press: ? - help, Shift-Dir - straight line, f/p - ogre
Aim: an ogre, wielding a giant club (moderately wounded, poisoned)
The sticky flame hits the ogre.
The ogre is heavily wounded.
The ogre is covered in liquid flames!
You feel sick.
You are no longer poisoned.
The ogre looks more healthy.
The ogre burns!
The ogre hits you with a giant club!!
You die...

#######.......# #######
...........#### ##....## .
#....####....##
#......##.#
.)....##......###........!
.#.......#....##.......#
###....####..##.......#
##.)..####..##.......#
#.......#O([)<[......#
.....##..[@†.####......#
....# ##.....# #####..#
##### #.#..#)# ....
..##..#.# ..W #.. ####'#
.. ## #.y.O# . #...##
#..##D# #. #.#


You could see an ogre (burning).

Vanquished Creatures
  Joseph (D:8)
  A centaur skeleton (D:6)
  A troll (D:9)
  Prince Ribbit (D:6)
  Sigmund (D:2)
  A steam dragon (D:9)
  A hungry ghost (D:8)
  A hippogriff (D:8)
  A water moccasin (D:7)
  3 orc warriors
  Purgy (Sewer)
  A phantom (D:4)
  2 ice beasts
  2 sky beasts (D:6)
  3 centaurs
  Blork the orc (D:6)
  2 giant frogs
  2 scorpions (D:5)
  A killer bee (D:9)
  5 wights
  3 orc priests
  4 hounds
  2 centaur zombies
  2 jellies
  5 orc wizards
  A giant frog skeleton (D:8)
  Natasha (thrice) (D:3)
  An iguana (D:4)
  9 worker ants
  A hound zombie (D:8)
  2 worker ant zombies (D:5)
  10 adders
  2 shadow imps
  A river rat (D:5)
  An ooze (D:1)
  4 adder zombies
  An adder skeleton (D:7)
  2 worms
  5 giant geckos
  17 orcs
  3 ball pythons
  5 giant cockroaches
  9 hobgoblins
  3 quokkas
  14 bats
  3 giant gecko skeletons
  7 giant newts
  5 goblins
  4 kobolds
  11 rats
172 creatures vanquished.

Notes
Turn   | Place    | Note
--------------------------------------------------------------
     0 | D:1      | curty the Naga Fire Elementalist began the quest for the Orb.
     0 | D:1      | Reached XP level 1. HP: 15/15 MP: 3/3
   218 | D:1      | Reached XP level 2. HP: 22/22 MP: 1/5
   432 | D:1      | Learned a level 2 spell: Throw Flame
   763 | D:1      | Reached XP level 3. HP: 28/28 MP: 2/6
   829 | D:2      | Found a snail-covered altar of Cheibriados.
   957 | D:2      | Noticed Sigmund
  1127 | D:2      | Killed Sigmund
  1127 | D:2      | Reached skill level 4 in Stealth
  1127 | D:2      | Reached XP level 4. HP: 27/36 MP: 0/8
  1127 | D:2      | Reached XP level 5. HP: 31/42 MP: 0/9
  1283 | D:2      | Learned a level 4 spell: Sticky Flame
  1616 | D:3      | Noticed Natasha
  1619 | D:3      | Killed Natasha
  1619 | D:3      | Reached XP level 6. HP: 42/49 MP: 7/10
  1830 | D:3      | Noticed Natasha
  1978 | D:3      | Reached skill level 5 in Stealth
  2116 | D:3      | Killed Natasha
  2127 | D:3      | Noticed Natasha
  2128 | D:3      | Killed Natasha
  2231 | D:4      | Found a radiant altar of Vehumet.
  2252 | D:4      | Became a worshipper of Vehumet
  2575 | D:4      | Reached XP level 7. HP: 55/55 MP: 7/12
  2797 | D:4      | Found a sparkling altar of Nemelex Xobeh.
  2797 | D:4      | Found an ancient bone altar of Kikubaaqudgha.
  2797 | D:4      | Found a stormy altar of Qazlal.
  2802 | D:4      | Found a bloodstained altar of Trog.
  2933 | D:5      | Entered Level 5 of the Dungeon
  3041 | D:5      | Found a sacrificial altar of Ru.
  3157 | D:5      | Reached skill level 5 in Conjurations
  3255 | D:5      | Found a glowing drain.
  3263 | Sewer    | Entered a sewer
  3278 | Sewer    | Reached * piety under Vehumet
  3278 | Sewer    | Offered knowledge of Sting by Vehumet.
  3291 | Sewer    | Noticed Purgy
  3317 | Sewer    | Killed Purgy
  3317 | Sewer    | Reached skill level 6 in Stealth
  3408 | D:5      | Got a tiger eye-encrusted scale mail
  3527 | D:5      | Found a staircase to the Ecumenical Temple.
  3536 | Temple   | Entered the Ecumenical Temple
  3604 | D:5      | Reached XP level 8. HP: 62/62 MP: 9/14
  3634 | Temple   | Identified the cursed +1 scale mail of Gehenna {rF+} (You found it on level 5 of the Dungeon)
  3828 | D:5      | Reached skill level 5 in Fire Magic
  3907 | D:6      | Found a blossoming altar of Fedhas.
  3907 | D:6      | Found a shadowy altar of Dithmenos.
  3923 | D:6      | Noticed Blork the orc
  3928 | D:6      | Killed Blork the orc
  3928 | D:6      | Reached skill level 1 in Armour
  4075 | D:6      | Noticed Pikel
  4634 | D:6      | Noticed a centaur skeleton
  4652 | D:6      | Killed a centaur skeleton
  4652 | D:6      | Reached skill level 5 in Spellcasting
  4652 | D:6      | Reached XP level 9. HP: 57/68 MP: 6/16
  4769 | D:6      | Noticed Prince Ribbit
  4778 | D:6      | Killed Prince Ribbit
  4961 | D:6      | Learned a level 5 spell: Fireball
  5112 | D:7      | Offered knowledge of Shock by Vehumet.
  5144 | D:7      | Reached ** piety under Vehumet
  5295 | D:7      | Reached skill level 7 in Conjurations
  5298 | D:7      | Learned a level 1 spell: Shock
  5474 | D:7      | Found Kaip Zupn's Jewellery Shop.
  6541 | D:8      | Noticed Joseph
  6556 | D:8      | Killed Joseph
  6556 | D:8      | Reached XP level 10. HP: 38/75 MP: 8/20
  6634 | D:8      | Found Totobru's Gadget Shop.
  7431 | D:9      | Reached skill level 8 in Conjurations
  7440 | D:9      | Slain by an ogre

Action                   |  1- 3 |  4- 6 |  7- 9 | 10-12 || total
-------------------------+-------+-------+-------+-------++-------
Melee: Club              |    10 |       |       |       ||    10
       Unarmed           |     2 |       |       |       ||     2
       Short sword       |     8 |    15 |    18 |       ||    41
       Scythe            |       |     6 |       |       ||     6
       Spear             |       |    33 |   326 |     5 ||   364
       Long sword        |       |       |       |     9 ||     9
 Cast: Flame Tongue      |    33 |    44 |   158 |    24 ||   259
       Throw Flame       |       |     1 |    19 |       ||    20
       Sticky Flame      |       |       |    14 |    12 ||    26
       Fireball          |       |       |     1 |       ||     1
 Abil: Spit Poison       |    15 |    24 |    41 |     6 ||    86
  Use: Scroll            |       |     5 |     3 |       ||     8
       Potion            |       |     1 |     2 |     1 ||     4
 Stab: Sleeping          |       |     2 |     5 |     1 ||     8
  Eat: Chunk             |     1 |     5 |    13 |     5 ||    24
       Bread ration      |       |       |     1 |       ||     1
